 Dungeon Crawl Stone Soup version 0.29-a0-668-g12ee2bf84d (webtiles) character file.

Game seed: 12303813533390153328

78 IdlyInterested the Skirmisher (level 4, 0/37 HPs)
             Began as a Demonspawn Fighter on June 23, 2022.
             Slain by a gnoll
             ... wielding a +0 club
              (7 damage)
             ... on level 2 of the Dungeon.
             The game lasted 00:04:19 (1642 turns).

IdlyInterested the Skirmisher (Demonspawn Fighter)  Turns: 1642, Time: 00:04:20

Health: 0/37       AC:  6    Str: 18    XL:     4   Next: 15%
Magic:  4/4        EV:  5    Int: 10    God:
Gold:   1067       SH: 12    Dex: 12    Spells: 3/3 levels left

rFire   . . .      SeeInvis .   a - +0 flail
rCold   . . .      Faith    .   n - +0 tower shield
rNeg    . . .      Spirit   .   b - +0 scale mail
rPois   .          Reflect  .   (no helmet)
rElec   .          Harm     .   (no cloak)
rCorr   .          Rampage  .   (no gloves)
Will    .....                   (no boots)
Stlth   ..........              (no amulet)
HPRegen 0.12/turn               (no ring)
MPRegen 0.09/turn               (no ring)

@: studying Maces & Flails
A: claws 2, foul stench 1
a: no special abilities


You were on level 2 of the Dungeon.
You visited 1 branch of the dungeon, and saw 2 of its levels.

You collected 1067 gold pieces.

Inventory:

Hand Weapons
 a - a +0 flail (weapon)
Missiles
 k - a stone (quivered)
Armour
 b - a +0 scale mail (worn)
 c - a +0 buckler
 n - a +0 tower shield (worn)
Scrolls
 e - a scroll of poison {unknown}
Potions
 d - 2 potions of might
 f - a potion of curing


   Skills:
 - Level 4.0 Fighting
 + Level 3.8 Maces & Flails
 - Level 1.0 Throwing
 - Level 2.6 Armour
 * Level 2.6 Shields


You had 3 spell levels left.
You didn't know any spells.
Your spell library was empty.

Dungeon Overview and Level Annotations

Branches:
Dungeon (2/15)

Altars:


Innate Abilities, Weirdness & Mutations

You have very sharp fingernails.
You may rarely emit foul miasma when damaged in melee.


Message History

The gnoll is moderately wounded.
The gnoll hits you with a +0 club. You block the gnoll's attack.
You closely miss the gnoll.
The gnoll is moderately wounded.
You block the gnoll's attack. The gnoll hits you but does no damage.
You closely miss the gnoll.
The gnoll is moderately wounded.
The gnoll barely misses you.
You hit the gnoll but do no damage.
The gnoll is moderately wounded.
You block the gnoll's attack. x2
You hit the gnoll but do no damage.
The gnoll is moderately wounded.
The gnoll barely misses you.
You barely miss the gnoll.
The gnoll is moderately wounded.
The gnoll hits you but does no damage. You block the gnoll's attack.
You hit the gnoll.
The gnoll is heavily wounded.
You block the gnoll's attack. The gnoll hits you with a +0 club.
* * * LOW HITPOINT WARNING * * *
You closely miss the gnoll.
The gnoll is heavily wounded.
The gnoll hits you but does no damage.
You sock the gnoll!
You kill the gnoll!
The gnoll hits you with a +0 club.
* * * LOW HITPOINT WARNING * * *
Training target 4.0 for Fighting reached!
Your Fighting skill increases to level 4!
You hit the gnoll.
The gnoll is heavily wounded.
You block the gnoll's attack.
You hit the gnoll.
The gnoll is heavily wounded.
You block the gnoll's attack. x2
You closely miss the gnoll.
The gnoll is heavily wounded.
You block the gnoll's attack. The gnoll hits you with a +0 club!
You die...

...................≈P≈P≈
.....................PP≈
......................P.
..............[........#
............†..........#
......................##
............_...g.......
.....##...######g#######
....#####.## #@#
.#.........# #.#
#....#####.......#
#....# ######..# .#...#
#### .....# .....#
....## #####


You could see a gnoll and a goblin.

Vanquished Creatures
  3 gnolls (D:2)
  2 adders (D:2)
  4 endoplasms
  2 giant cockroaches (D:2)
  A goblin (D:1)
  4 hobgoblins
  A quokka (D:2)
  5 ball pythons
  5 bats
  3 frilled lizards (D:1)
  2 kobolds (D:1)
  2 rats (D:1)
34 creatures vanquished.

Vanquished Creatures (others)
  3 plants (D:2)
3 creatures vanquished.

Grand Total: 37 creatures vanquished

Notes
Turn   | Place    | Note
-------+----------+-------------------------------------------
     0 | D:1      | IdlyInterested the Demonspawn Fighter began the quest for
                  | the Orb.
     0 | D:1      | Reached XP level 1. HP: 18/18 MP: 1/1
   277 | D:1      | Gained mutation: You may rarely emit foul miasma when
                  | damaged in melee. [demonic ancestry]
   277 | D:1      | Reached XP level 2. HP: 15/24 MP: 2/2
  1260 | D:1      | Identified a scroll of acquirement
  1260 | D:1      | Acquired 969 gold pieces
  1488 | D:2      | Reached skill level 1 in Throwing
  1488 | D:2      | Gained mutation: You have sharp fingernails. [demonic
                  | ancestry]
  1488 | D:2      | Reached XP level 3. HP: 29/29 MP: 3/3
  1600 | D:2      | Found a faded altar of an unknown god.
  1626 | D:2      | Gained mutation: You have very sharp fingernails. [demonic
                  | ancestry]
  1626 | D:2      | Reached XP level 4. HP: 20/37 MP: 4/4
  1640 | D:2      | Reached skill level 4 in Fighting
  1642 | D:2      | Slain by a gnoll

Illustrated notes

Levels and vault maps discovered:
D:1:      dpeg_arrival_short_road, layout_basic
D:2:      layout_rooms, serial_bayou, serial_bayou_ford_a, serial_bayou_shore_a,
          serial_bayou_lagoon_a, serial_bayou_pond_c, basic_ecumenical_altar,
          hangedman_decor_growths, minivault_14

Skill      XL: |  1  2  3  4 |
---------------+-------------+-----
Maces & Flails | 2 3 |  3.8
Throwing       | 1 |  1.0
Fighting       | 4 |  4.0
Armour         | |  2.6
Shields        | |  2.6

Action                   |  1- 3 |  4- 6 || total
-------------------------+-------+-------++-------
Melee: Flail             |   114 |    17 ||   131
Throw: Stone             |     5 |       ||     5
  Use: Potion            |     5 |       ||     5
       Scroll            |     3 |       ||     3
Armor: Scale mail        |    62 |     5 ||    67
Dodge: Dodged            |    39 |     2 ||    41
Block: Buckler           |    29 |       ||    29
       Tower shield      |    22 |    15 ||    37

Table legend: (Time is in decaauts)
 A = Elapsed time spent in this place.
 B = Non-inter-level travel time spent in this place.
 C = Inter-level travel time spent in this place.
 D = Time resting spent in this place.
 E = Time spent auto-exploring this place.
 F = Levels seen in this place.
 G = Mean time per level.
                   A        B        C        D        E       F      G
               +--------+--------+--------+--------+--------+-----+--------+
         Total |   1682 |   1651 |     31 |    452 |    807 |   2 |  841.0 |
       Dungeon |   1682 |   1651 |     31 |    452 |    807 |   2 |  841.0 |
               +--------+--------+--------+--------+--------+-----+--------+

Top non-repeatable levels by time:
     D:1: 1379 daAuts
     D:2: 303 daAuts
